 Dungeon Crawl Stone Soup version 0.31-a0-175-g9f7f995f2b (webtiles) character file.

Game seed: 15172005497592269482

181 qw the Shooter (level 5, -1/49 HPs)
             Began as a Naga Hunter on June 17, 2023.
             Slain by Terence
             ... wielding a +1 mace of protection
              (3 damage)
             ... on level 3 of the Dungeon.
             The game lasted 00:00:49 (1991 turns).

qw the Shooter (Naga Hunter)                        Turns: 1991, Time: 00:00:50

Health: -1/49      AC:  4    Str: 14    XL:     5   Next: 61%
Magic:  5/5        EV:  9    Int:  9    God:
Gold:   125        SH:  0    Dex: 16    Spells: 4/4 levels left

rFire   . . .        Y - +0 shortbow
rCold   . . .        (shield currently unavailable)
rNeg    + . .        c - +0 leather armour
rPois   +            (no helmet)
rElec   .            (no cloak)
rCorr   .            h - +0 pair of gloves
SInv    +            (no barding)
Will    .....        (no amulet)
Stlth   ++           a - ring of positive energy
HPRegen 0.28/turn    (no ring)
MPRegen 0.09/turn

%: no passive effects
@: short of breath, very slow
A: AC +1, large, see invisible, deformed body, poison resistance, slowness 2,
spit poison 1, naga tail 1
a: Spit Poison


You were on level 3 of the Dungeon.
You visited 1 branch of the dungeon, and saw 3 of its levels.

You collected 125 gold pieces.


Innate Abilities, Weirdness & Mutations

Your serpentine skin is tough. (AC +1)
You have supernaturally acute eyesight. (SInv)
Armour fits poorly on your strangely shaped body.
Your system is resistant to poisons. (rPois)
You cover ground very slowly.
You can spit poison.
You have a snake-like lower body.


   Skills:
 - Level 3.0 Fighting
 + Level 5.6 Ranged Weapons
 - Level 1.5 Dodging
 - Level 1.5 Stealth


You had 4 spell levels left.
You didn't know any spells.
Your spell library was empty.

Inventory:

Hand Weapons
 Y - a +0 shortbow (weapon)
Armour
 c - a +0 leather armour (worn)
 h - a +0 pair of gloves (worn)
Jewellery
 a - a ring of positive energy (left hand)
 d - a +5 ring of evasion
Scrolls
 b - 2 scrolls of identify
Potions
 f - a potion of curing {unknown}
 g - a potion of might

Dungeon Overview and Level Annotations

Branches:
Dungeon (3/15)

Altars:
Sif Muna

Annotations:
D:3 Terence


Message History

The gnoll is almost dead.
The gnoll barely misses you. x2
You shoot an arrow. The arrow closely misses the gnoll.
Terence shouts!
The arrow hits the quokka.
You kill the quokka!
You have got your breath back.
You kill the gnoll!
The gnoll hits you from afar with a +0 spear.
1985 ||| INVOKING Spit Poison.
Aiming: Spit Poison (1% risk of failure)
Press: ? - help, Shift-Dir - straight line, f - gnoll The splash of poison hits the gnoll.
The gnoll is poisoned.
The gnoll is heavily wounded.
The gnoll closely misses you.
You shoot an arrow. The arrow barely misses the gnoll.
The gnoll hits you from afar with a +0 spear.
You shoot an arrow.
The arrow hits the gnoll but does no damage.
The gnoll is heavily wounded.
You have got your breath back.
The gnoll hits you from afar with a +0 spear!
1988 ||| INVOKING Spit Poison.
Aiming: Spit Poison (1% risk of failure)
Press: ? - help, Shift-Dir - straight line, f/p - gnoll The splash of poison hits the gnoll but does no damage.
The gnoll looks even sicker.
The gnoll is heavily wounded.
The gnoll closely misses you.
You shoot an arrow.
The arrow hits Terence but does no damage.
Terence is severely wounded.
The gnoll hits you from afar with a +0 spear.
You shoot an arrow. The arrow closely misses Terence.
Terence hits you with a +1 mace of protection!
The gnoll barely misses you. Terence misses you.
The gnoll hits you from afar with a +0 spear!
You shoot an arrow. The arrow barely misses Terence.
Terence hits you with a +1 mace of protection.
You die...

##. #####.#######
##.##### #...# ##.....#
#.#####
####...#######.....#####
.....).................
#......###########....
#.##...# ##### .#.
..##...#####...###..#.#.
...............@@)%.....
...............###g.....
...............# .....
#########'#....# ....
.........#....# ...
.........#....# ..
.........#...... .
#######..#.....##
#..#.....#


You could see Terence and a gnoll (poisoned).

Vanquished Creatures
  2 jellies (D:2)
  4 adders
  2 gnolls (D:3)
  A worm (D:2)
  5 orcs (D:3)
  3 bats
  10 endoplasms (D:2)
  2 giant cockroaches (D:3)
  4 goblins
  2 hobgoblins
  3 quokkas
  6 ball pythons
  4 frilled lizards
  7 kobolds
  5 rats
60 creatures vanquished.

Notes
Turn   | Place    | Note
-------+----------+-------------------------------------------
     0 | D:1      | qw the Naga Hunter began the quest for the Orb.
     0 | D:1      | Reached XP level 1. HP: 19/19 MP: 1/1
     0 | D:1      | 0 ||| qw: Version: 0.3-a-2-g5ab2908
     0 | D:1      | 0 ||| qw: Game counter: 179
     0 | D:1      | 0 ||| qw: Always use a shield: true
     0 | D:1      | 0 ||| qw: God list: Okawaru
     0 | D:1      | 0 ||| qw: Allow faded altars: false
     0 | D:1      | 0 ||| qw: Do Orc after D:15 true
     0 | D:1      | 0 ||| qw: Do second Lair branch before Depths: true
     0 | D:1      | 0 ||| qw: Lair rune preference: random
     0 | D:1      | 0 ||| qw: Plans: Normal
     0 | D:1      | 0 ||| PLANNING D:1-11
    12 | D:1      | 12 ||| INVOKING Spit Poison.
    17 | D:1      | 17 ||| INVOKING Spit Poison.
   122 | D:1      | 122 ||| INVOKING Spit Poison.
   134 | D:1      | 134 ||| INVOKING Spit Poison.
   139 | D:1      | 139 ||| INVOKING Spit Poison.
   162 | D:1      | Reached skill level 4 in Ranged Weapons
   162 | D:1      | Reached XP level 2. HP: 26/26 MP: 2/2
   163 | D:1      | 163 ||| INVOKING Spit Poison.
   167 | D:1      | 167 ||| INVOKING Spit Poison.
   189 | D:1      | Found a faded altar of an unknown god.
   207 | D:1      | 207 ||| INVOKING Spit Poison.
   216 | D:1      | 216 ||| INVOKING Spit Poison.
   218 | D:1      | 218 ||| READING scroll labelled MEDGHO RAORCH.
   224 | D:1      | 224 ||| INVOKING Spit Poison.
   650 | D:1      | 650 ||| UPGRADING to +0 pair of gloves.
   655 | D:1      | 655 ||| UPGRADING to ring of positive energy.
   656 | D:1      | 656 ||| READING scroll labelled USHRYD COL.
   657 | D:1      | 657 ||| READING scroll labelled SAXKEM GUKU.
   661 | D:1      | 661 ||| READING scroll labelled USOISTI MUONTO.
   662 | D:1      | 662 ||| DROPPING scroll of butterflies.
   692 | D:2      | 692 ||| INVOKING Spit Poison.
   697 | D:2      | 697 ||| INVOKING Spit Poison.
   698 | D:2      | 698 ||| STAIRDANCE
   700 | D:1      | 700 ||| INVOKING Spit Poison.
   706 | D:1      | 706 ||| INVOKING Spit Poison.
   711 | D:1      | Reached XP level 3. HP: 23/32 MP: 3/3
   754 | D:2      | 754 ||| INVOKING Spit Poison.
   785 | D:2      | 785 ||| INVOKING Spit Poison.
   789 | D:2      | 789 ||| INVOKING Spit Poison.
   797 | D:2      | 797 ||| INVOKING Spit Poison.
   868 | D:2      | 868 ||| INVOKING Spit Poison.
  1025 | D:2      | 1025 ||| INVOKING Spit Poison.
  1030 | D:2      | Reached skill level 5 in Ranged Weapons
  1030 | D:2      | Reached XP level 4. HP: 32/39 MP: 4/4
  1057 | D:2      | 1057 ||| INVOKING Spit Poison.
  1075 | D:2      | 1075 ||| INVOKING Spit Poison.
  1098 | D:2      | 1098 ||| INVOKING Spit Poison.
  1165 | D:2      | 1165 ||| INVOKING Spit Poison.
  1182 | D:2      | 1182 ||| INVOKING Spit Poison.
  1188 | D:2      | 1188 ||| INVOKING Spit Poison.
  1232 | D:2      | 1232 ||| INVOKING Spit Poison.
  1279 | D:2      | Found a shimmering blue altar of Sif Muna.
  1316 | D:2      | 1316 ||| INVOKING Spit Poison.
  1319 | D:2      | 1319 ||| INVOKING Spit Poison.
  1324 | D:2      | 1324 ||| INVOKING Spit Poison.
  1325 | D:2      | 1325 ||| INVOKING Spit Poison.
  1420 | D:2      | 1420 ||| INVOKING Spit Poison.
  1441 | D:2      | Reached skill level 3 in Fighting
  1484 | D:2      | Reached XP level 5. HP: 38/49 MP: 5/5
  1619 | D:2      | 1619 ||| DROPPING ring of magical power.
  1620 | D:2      | 1620 ||| DRINKING 2 viscous green potions.
  1724 | D:2      | 1724 ||| READING 5 scrolls of identify.
  1724 | D:2      | 1724 ||| IDENTIFYING metallic cyan potion
  1725 | D:2      | 1725 ||| READING 4 scrolls of identify.
  1725 | D:2      | 1725 ||| IDENTIFYING bubbling inky potion
  1726 | D:2      | 1726 ||| READING 3 scrolls of identify.
  1726 | D:2      | 1726 ||| IDENTIFYING red potion
  1727 | D:2      | 1727 ||| DROPPING potion of brilliance.
  1728 | D:2      | 1728 ||| DROPPING potion of attraction.
  1729 | D:2      | 1729 ||| DROPPING potion of berserk rage.
  1771 | D:3      | 1771 ||| INVOKING Spit Poison.
  1793 | D:3      | 1793 ||| INVOKING Spit Poison.
  1797 | D:3      | 1797 ||| INVOKING Spit Poison.
  1798 | D:3      | Noticed Terence
  1801 | D:3      | 1801 ||| INVOKING Spit Poison.
  1805 | D:3      | 1805 ||| INVOKING Spit Poison.
  1811 | D:3      | 1811 ||| INVOKING Spit Poison.
  1814 | D:3      | HP: 12/49 [Terence/+1 mace of protection (6)]
  1815 | D:3      | 1815 ||| READING scroll of teleportation.
  1818 | D:3      | 1818 ||| INVOKING Spit Poison.
  1970 | D:3      | 1970 ||| INVOKING Spit Poison.
  1975 | D:3      | 1975 ||| INVOKING Spit Poison.
  1982 | D:3      | 1982 ||| INVOKING Spit Poison.
  1985 | D:3      | 1985 ||| INVOKING Spit Poison.
  1988 | D:3      | 1988 ||| INVOKING Spit Poison.
  1990 | D:3      | HP: 9/49 [Terence/+1 mace of protection (9)]
  1990 | D:3      | HP: 2/49 [gnoll/+0 spear (7)]
  1991 | D:3      | Slain by Terence

Levels and vault maps discovered:
D:1:      moated_graveyard_arrival, layout_loops_cross,
          hellmonk_ecumenical_altar_arch_garden, serial_bayou_lagoon_a,
          serial_bayou_lagoon_b
D:2:      cheibrodos_fertilizer, layout_loops_cross, basic_altar
D:3:      layout_basic, uniq_terence, uniq_robin

Skill      XL: |  1  2  3  4 |
---------------+-------------+-----
Ranged Weapons | 4 5 |  5.6
Fighting       | 3 |  3.0
Dodging        | |  1.5
Stealth        | |  1.5

Action                     |  1- 3 |  4- 6 || total
---------------------------+-------+-------++-------
   Fire: Shortbow          |    55 |    84 ||   139
Ability: Spit Poison       |    20 |    23 ||    43
    Use: Scroll            |     4 |     4 ||     8
         Potion            |       |     1 ||     1
 Armour: Leather armour    |    10 |    11 ||    21
  Dodge: Dodged            |    15 |    32 ||    47

Table legend:
 A = Non-vault XP
 B = Vault XP
 C = Vault XP percentage of total XP
 D = Non-vault monster count
 E = Vault monster count
 F = Vault count percentage of total count
                 A         B        C        D         E       F
            +---------+---------+-------+---------+---------+-------
      Total |     150 |     109 |  42.1 |      44 |      16 |  26.7
            +---------+---------+-------+---------+---------+-------
        D:1 |      31 |       0 |   0.0 |      14 |       0 |   0.0
        D:2 |      68 |     109 |  61.6 |      18 |      16 |  47.1
        D:3 |      51 |       0 |   0.0 |      12 |       0 |   0.0
            +---------+---------+-------+---------+---------+-------
